Workbook

Sheet Introduction
A1: Template Solar for Businesses
A3: West Suffolk and Portsmouth Councils both run projects in which the Councils install solar panels on business roofs and sell the electricity back to the business via PPA.
A4: This workbook explores the economic model for a version of these projects at the Hull and East Yorkshire Local/Combined Authorities. It should be largely replicable for other LAs/CAs.
A5: The example pilot phase in this workbook is based on 10 businesses signing up to the project - three small, three medium, three large, and one very large buildings.
A6: This workbook represents the 'Core Model'. Variations of this workbook should be developed to assess key sensitivities.
A7: This workbook is not designed to be a full and final financial model. A further workbook will be required at a later date considering more detailed factors such as loan repayments and inflation.

Sheet Inputs
A1: Input | B1: Unit | C1: Quantity | D1: Notes
A2: Number of small businesses | B2: Number | C2: 3 | D2: User input for hypothetical bunch - small shops, cafes, single office buildings
A3: Number of medium businesses | B3: Number | C3: 3 | D3: User input for hypothetical bunch - midsize shops, multi-unit offices, pubs
A4: Number of large businesses | B4: Number | C4: 3 | D4: User input for hypothetical bunch - large retail centres, warehouses, manufacturing units
A5: Number of very large businesses | B5: Number | C5: 1 | D5: User input for hypothetical bunch - larger warehouses, distribution centres, industrial facilities
A6: Small Business solar potential | B6: kWp | C6: 15 | D6: Based on c.150 metres squared
A7: Medium Business solar potential | B7: kWp | C7: 35 | D7: Based on c.500 metres squared
A8: Large Business solar potential | B8: kWp | C8: 100 | D8: Based on c.1500 metres squared
A9: Very Large Business solar potential | B9: kWp | C9: 200 | D9: Based on c.4500 metres squared
A10: Annual solar output | B10: kWh/kWp | C10: 850 | D10: Standard assumption within industry
A11: Annual solar degredation | B11: % | C11: 0.5 | D11: Standard assumption within industry, Locogen use 0.4
A12: Solar panel cost | B12: £/kWp | C12: 1000 | D12: Standard assumption within industry
A13: Inverter replacement cost | B13: £/kWp | C13: 30 | D13: Locogen model, to apply at year 13
... A36: Business electricity cost | B36: p/kWh | C36: 25 | D36: Typical costs July 2026
A37: Electricity sale discount | B37: % | C37: 25
A38: Electricity use on-site | B38: % | C38: 60 | D38: 60-70% range is normal
A39: Business occupancy | B39: % | C39: 100
A40: Sale to grid price | B40: p/kWh | C40: 6
A41: Carbon Factor | B41: tCO2e/kWh | C41: 0.00020705 | D41: https://www.gov.uk/government/publications/greenhouse-gas-reporting-conversion-factors-2024
A42: Discount rate | C42: 0.035 | D42: UK Green Book

Sheet Calculations
D1: Year
A2: Calculation | B2: Notes | C2: Unit | D2: 0 | E2: 1 | F2: 2 | G2: 3 | H2: 4 | I2: 5 | J2: 6 | K2: 7 | L2: 8 | M2: 9 | N2: 10 | O2: 11 | P2: 12 | Q2: 13 | R2: 14 | S2: 15 | T2: 16 | U2: 17 | V2: 18 | W2: 19 | X2: 20 | Y2: 21 | Z2: 22 | AA2: 23 | AB2: 24 | AC2: 25
A3: Ongoing Billing costs | B3: Ongoing billing time x ongoing billing cost | C3: £ | E3: =SUM(Inputs!$C$23*Inputs!$C$24) -> 264 | F3: =SUM(Inputs!$C$23*Inputs!$C$24) -> 264 | G3: =SUM(Inputs!$C$23*Inputs!$C$24) -> 264 | H3: =SUM(Inputs!$C$23*Inputs!$C$24) -> 264 | I3: =SUM(Inputs!$C$23*Inputs!$C$24) -> 264 | J3: =SUM(Inputs!$C$23*Inputs!$C$24) -> 264 | K3: =SUM(Inputs!$C$23*Inputs!$C$24) -> 264 | L3: =SUM(Inputs!$C$23*Inputs!$C$24) -> 264 | ... AC3: =SUM(Inputs!$C$23*Inputs!$C$24) -> 264
A4: Ongoing Management costs | B4: Ongoing management time x ongoing management cost | C4: £ | E4: =SUM(Inputs!$C$25*Inputs!$C$26) -> 1056 | F4: =SUM(Inputs!$C$25*Inputs!$C$26) -> 1056 | G4: =SUM(Inputs!$C$25*Inputs!$C$26) -> 1056 | H4: =SUM(Inputs!$C$25*Inputs!$C$26) -> 1056 | I4: =SUM(Inputs!$C$25*Inputs!$C$26) -> 1056 | J4: =SUM(Inputs!$C$25*Inputs!$C$26) -> 1056 | K4: =SUM(Inputs!$C$25*Inputs!$C$26) -> 1056 | L4: =SUM(Inputs!$C$25*Inputs!$C$26) -> 1056 | ... AC4: =SUM(Inputs!$C$25*Inputs!$C$26) -> 1056
A5: Start-up Management costs | B5: start-up management time x cost | C5: £ | D5: =SUM(Inputs!C28*Inputs!C29) -> 2640
A6: Start-up finance costs | B6: start-up finance time x cost | C6: £ | D6: =SUM(Inputs!C30*Inputs!C31) -> 1320
A7: Start-up legal costs | B7: start-up legal time x costs | C7: £ | D7: =SUM(Inputs!C32*Inputs!C33) -> 1320
A8: Start-up procurement costs | B8: start-up procurement time x costs | C8: £ | D8: =SUM(Inputs!C34*Inputs!C35) -> 1320
A10: Business electricity price | B10: Business Energy price | C10: £/kWh | E10: =SUM(Inputs!$C$36/100) -> 0.25 | F10: =SUM(Inputs!$C$36/100) -> 0.25 | G10: =SUM(Inputs!$C$36/100) -> 0.25 | H10: =SUM(Inputs!$C$36/100) -> 0.25 | I10: =SUM(Inputs!$C$36/100) -> 0.25 | J10: =SUM(Inputs!$C$36/100) -> 0.25 | K10: =SUM(Inputs!$C$36/100) -> 0.25 | L10: =SUM(Inputs!$C$36/100) -> 0.25 | ... AC10: =SUM(Inputs!$C$36/100) -> 0.25
A11: PPA charge | B11: Business Energy price * discount rate | C11: £/kWh | E11: =SUM(E10*(1-Inputs!$C$37/100)) -> 0.1875 | F11: =SUM(F10*(1-Inputs!$C$37/100)) -> 0.1875 | G11: =SUM(G10*(1-Inputs!$C$37/100)) -> 0.1875 | H11: =SUM(H10*(1-Inputs!$C$37/100)) -> 0.1875 | I11: =SUM(I10*(1-Inputs!$C$37/100)) -> 0.1875 | J11: =SUM(J10*(1-Inputs!$C$37/100)) -> 0.1875 | K11: =SUM(K10*(1-Inputs!$C$37/100)) -> 0.1875 | L11: =SUM(L10*(1-Inputs!$C$37/100)) -> 0.1875 | ... AC11: =SUM(AC10*(1-Inputs!$C$37/100)) -> 0.1875
A13: Small Businesses kWp Total | B13: Number of businesses x kWp per business | C13: kWp | D13: =SUM(Inputs!$C$2*Inputs!$C$6) -> 45
A14: Small Businesses kWh max | B14: Total kWp x kWh per kWp | C14: kWh | D14: =SUM(D13*Inputs!$C$10) -> 38250
A15: Small Businesses kWh generated | B15: kWh max x degredation | C15: kWh | E15: =D14 -> 38250 | F15: =SUM(E15*(1-Inputs!$C$11/100)) -> 38058.75 | G15: =SUM(F15*(1-Inputs!$C$11/100)) -> 37868.456 | H15: =SUM(G15*(1-Inputs!$C$11/100)) -> 37679.114 | I15: =SUM(H15*(1-Inputs!$C$11/100)) -> 37490.718 | J15: =SUM(I15*(1-Inputs!$C$11/100)) -> 37303.265 | K15: =SUM(J15*(1-Inputs!$C$11/100)) -> 37116.748 | L15: =SUM(K15*(1-Inputs!$C$11/100)) -> 36931.165 | M15: =SUM(L15*(1-Inputs!$C$11/100)) -> 36746.509 | ... AC15: =SUM(AB15*(1-Inputs!$C$11/100)) -> 33914.497
A16: Small Businesses kWh on site | B16: kWh generated x on-site percentage x business occupancy | C16: kWh | E16: =SUM(E15*(Inputs!$C$38/100)*(Inputs!$C$39/100)) -> 22950 | F16: =SUM(F15*(Inputs!$C$38/100)*(Inputs!$C$39/100)) -> 22835.25 | G16: =SUM(G15*(Inputs!$C$38/100)*(Inputs!$C$39/100)) -> 22721.074 | H16: =SUM(H15*(Inputs!$C$38/100)*(Inputs!$C$39/100)) -> 22607.468 | I16: =SUM(I15*(Inputs!$C$38/100)*(Inputs!$C$39/100)) -> 22494.431 | J16: =SUM(J15*(Inputs!$C$38/100)*(Inputs!$C$39/100)) -> 22381.959 | K16: =SUM(K15*(Inputs!$C$38/100)*(Inputs!$C$39/100)) -> 22270.049 | L16: =SUM(L15*(Inputs!$C$38/100)*(Inputs!$C$39/100)) -> 22158.699 | ... AC16: =SUM(AC15*(Inputs!$C$38/100)*(Inputs!$C$39/100)) -> 20348.698
A17: Small Businesses kWh to grid | B17: kWh generated - on-site usage | C17: kWh | E17: =SUM(E15-E16) -> 15300 | F17: =SUM(F15-F16) -> 15223.5 | G17: =SUM(G15-G16) -> 15147.383 | H17: =SUM(H15-H16) -> 15071.646 | I17: =SUM(I15-I16) -> 14996.287 | J17: =SUM(J15-J16) -> 14921.306 | K17: =SUM(K15-K16) -> 14846.699 | L17: =SUM(L15-L16) -> 14772.466 | ... AC17: =SUM(AC15-AC16) -> 13565.799
A18: Small Businesses on-site income | B18: kWh on site x PPA charge | C18: £ | E18: =SUM(E16*E11) -> 4303.125 | F18: =SUM(F16*F11) -> 4281.6094 | G18: =SUM(G16*G11) -> 4260.2013 | H18: =SUM(H16*H11) -> 4238.9003 | I18: =SUM(I16*I11) -> 4217.7058 | J18: =SUM(J16*J11) -> 4196.6173 | K18: =SUM(K16*K11) -> 4175.6342 | L18: =SUM(L16*L11) -> 4154.756 | ... AC18: =SUM(AC16*AC11) -> 3815.3809
A19: Small Businesses grid income | B19: kWh to grid x grid price | C19: £ | E19: =SUM(E17*Inputs!$C$40/100) -> 918 | F19: =SUM(F17*Inputs!$C$40/100) -> 913.41 | G19: =SUM(G17*Inputs!$C$40/100) -> 908.84295 | H19: =SUM(H17*Inputs!$C$40/100) -> 904.29874 | I19: =SUM(I17*Inputs!$C$40/100) -> 899.77724 | J19: =SUM(J17*Inputs!$C$40/100) -> 895.27836 | K19: =SUM(K17*Inputs!$C$40/100) -> 890.80196 | L19: =SUM(L17*Inputs!$C$40/100) -> 886.34795 | ... AC19: =SUM(AC17*Inputs!$C$40/100) -> 813.94792
A20: Small Businesses total income | B20: on-site income + grid income | C20: £ | E20: =SUM(E18:E19) -> 5221.125 | F20: =SUM(F18:F19) -> 5195.0194 | G20: =SUM(G18:G19) -> 5169.0443 | H20: =SUM(H18:H19) -> 5143.1991 | I20: =SUM(I18:I19) -> 5117.4831 | J20: =SUM(J18:J19) -> 5091.8956 | K20: =SUM(K18:K19) -> 5066.4362 | L20: =SUM(L18:L19) -> 5041.104 | ... AC20: =SUM(AC18:AC19) -> 4629.3288
A21: Small Businesses CO2e saving | B21: kWh generated x carbon factor | C21: tCO2e | E21: =SUM(E15*Inputs!$C$41) -> 7.9196625 | F21: =SUM(F15*Inputs!$C$41) -> 7.8800642 | G21: =SUM(G15*Inputs!$C$41) -> 7.8406639 | H21: =SUM(H15*Inputs!$C$41) -> 7.8014605 | I21: =SUM(I15*Inputs!$C$41) -> 7.7624532 | J21: =SUM(J15*Inputs!$C$41) -> 7.723641 | K21: =SUM(K15*Inputs!$C$41) -> 7.6850228 | L21: =SUM(L15*Inputs!$C$41) -> 7.6465977 | ... AC21: =SUM(AC15*Inputs!$C$41) -> 7.0219966
A22: Small Businesses electricity counterfactual | B22: kWh on site x electricity price | C22: £ | E22: =SUM(E16*E10) -> 5737.5 | F22: =SUM(F16*F10) -> 5708.8125 | G22: =SUM(G16*G10) -> 5680.2684 | H22: =SUM(H16*H10) -> 5651.8671 | I22: =SUM(I16*I10) -> 5623.6078 | J22: =SUM(J16*J10) -> 5595.4897 | K22: =SUM(K16*K10) -> 5567.5123 | L22: =SUM(L16*L10) -> 5539.6747 | ... AC22: =SUM(AC16*AC10) -> 5087.1745
A23: Small Businesses tenant savings | B23: Counterfactual - on-site income | C23: £ | E23: =SUM(E22-E18) -> 1434.375 | F23: =SUM(F22-F18) -> 1427.2031 | G23: =SUM(G22-G18) -> 1420.0671 | H23: =SUM(H22-H18) -> 1412.9668 | I23: =SUM(I22-I18) -> 1405.9019 | J23: =SUM(J22-J18) -> 1398.8724 | K23: =SUM(K22-K18) -> 1391.8781 | L23: =SUM(L22-L18) -> 1384.9187 | ... AC23: =SUM(AC22-AC18) -> 1271.7936
A24: Small Businesses Solar Panel cost total | B24: Solar panel cost x kWp total | C24: £ | D24: =SUM(D13*Inputs!$C$12) -> 45000
A25: Small Businesses inverter replacement cost total | B25: Inverter replacement cost x kWp total | C25: £ | Q25: =SUM(D13*Inputs!$C$13) -> 1350
A26: Small Businesses scaffolding cost | B26: scaffolding cost x kWp | C26: £ | D26: =SUM(D13*Inputs!$C$14) -> 0
A27: Small Businesses structural survey cost | B27: structural survey x number of businesses | C27: £ | D27: =SUM(Inputs!$C$2*Inputs!$C$18) -> 3000
A28: Small Businesses O&M costs | B28: O&M costs x kWp | C28: £ | E28: =SUM($D$13*Inputs!$C$22) -> 450 | F28: =SUM($D$13*Inputs!$C$22) -> 450 | G28: =SUM($D$13*Inputs!$C$22) -> 450 | H28: =SUM($D$13*Inputs!$C$22) -> 450 | I28: =SUM($D$13*Inputs!$C$22) -> 450 | J28: =SUM($D$13*Inputs!$C$22) -> 450 | K28: =SUM($D$13*Inputs!$C$22) -> 450 | L28: =SUM($D$13*Inputs!$C$22) -> 450 | ... AC28: =SUM($D$13*Inputs!$C$22) -> 450
A29: Small Businesses decommissioning cost | B29: decommissioning cost x kWp | C29: £ | AC29: =SUM(D13*Inputs!$C$27) -> 13500
A30: Small Businesses total cost | B30: Solar panel + scaffold + survey + O&M + decomissioning | C30: £ | D30: =SUM(D24:D29) -> 48000 | E30: =SUM(E24:E29) -> 450 | F30: =SUM(F24:F29) -> 450 | G30: =SUM(G24:G29) -> 450 | H30: =SUM(H24:H29) -> 450 | I30: =SUM(I24:I29) -> 450 | J30: =SUM(J24:J29) -> 450 | K30: =SUM(K24:K29) -> 450 | ... AC30: =SUM(AC24:AC29) -> 13950
A32: Medium Businesses kWp Total | B32: Number of businesses x kWp per business | C32: kWp | D32: =SUM(Inputs!$C$3*Inputs!$C$7) -> 105
A33: Medium Businesses kWh max | B33: Total kWp x kWh per kWp | C33: kWh | D33: =SUM(D32*Inputs!$C$10) -> 89250
A34: Medium Businesses kW/h generated | B34: kWh max x degredation | C34: kWh | E34: =D33 -> 89250 | F34: =SUM(E34*(1-Inputs!$C$11/100)) -> 88803.75 | G34: =SUM(F34*(1-Inputs!$C$11/100)) -> 88359.731 | H34: =SUM(G34*(1-Inputs!$C$11/100)) -> 87917.933 | I34: =SUM(H34*(1-Inputs!$C$11/100)) -> 87478.343 | J34: =SUM(I34*(1-Inputs!$C$11/100)) -> 87040.951 | K34: =SUM(J34*(1-Inputs!$C$11/100)) -> 86605.746 | L34: =SUM(K34*(1-Inputs!$C$11/100)) -> 86172.718 | M34: =SUM(L34*(1-Inputs!$C$11/100)) -> 85741.854 | ... AC34: =SUM(AB34*(1-Inputs!$C$11/100)) -> 79133.826
A35: Medium Businesses kW/h on site | B35: kWh generated x on-site percentage x business occupancy | C35: kWh | E35: =SUM(E34*(Inputs!$C$38/100)*(Inputs!$C$39/100)) -> 53550 | F35: =SUM(F34*(Inputs!$C$38/100)*(Inputs!$C$39/100)) -> 53282.25 | G35: =SUM(G34*(Inputs!$C$38/100)*(Inputs!$C$39/100)) -> 53015.839 | H35: =SUM(H34*(Inputs!$C$38/100)*(Inputs!$C$39/100)) -> 52750.76 | I35: =SUM(I34*(Inputs!$C$38/100)*(Inputs!$C$39/100)) -> 52487.006 | J35: =SUM(J34*(Inputs!$C$38/100)*(Inputs!$C$39/100)) -> 52224.571 | K35: =SUM(K34*(Inputs!$C$38/100)*(Inputs!$C$39/100)) -> 51963.448 | L35: =SUM(L34*(Inputs!$C$38/100)*(Inputs!$C$39/100)) -> 51703.631 | ... AC35: =SUM(AC34*(Inputs!$C$38/100)*(Inputs!$C$39/100)) -> 47480.295
A36: Medium Businesses kW/h to grid | B36: kWh generated - on-site usage | C36: kWh | E36: =SUM(E34-E35) -> 35700 | F36: =SUM(F34-F35) -> 35521.5 | G36: =SUM(G34-G35) -> 35343.893 | H36: =SUM(H34-H35) -> 35167.173 | I36: =SUM(I34-I35) -> 34991.337 | J36: =SUM(J34-J35) -> 34816.38 | K36: =SUM(K34-K35) -> 34642.299 | L36: =SUM(L34-L35) -> 34469.087 | ... AC36: =SUM(AC34-AC35) -> 31653.53
A37: Medium Businesses on-site income | B37: kWh on site x PPA charge | C37: £ | E37: =SUM(E35*E11) -> 10040.625 | F37: =SUM(F35*F11) -> 9990.4219 | G37: =SUM(G35*G11) -> 9940.4698 | H37: =SUM(H35*H11) -> 9890.7674 | I37: =SUM(I35*I11) -> 9841.3136 | J37: =SUM(J35*J11) -> 9792.107 | K37: =SUM(K35*K11) -> 9743.1465 | L37: =SUM(L35*L11) -> 9694.4307 | ... AC37: =SUM(AC35*AC11) -> 8902.5554
A38: Medium Businesses grid income | B38: kWh to grid x grid price | C38: £ | E38: =SUM(E36*Inputs!$C$40/100) -> 2142 | F38: =SUM(F36*Inputs!$C$40/100) -> 2131.29 | G38: =SUM(G36*Inputs!$C$40/100) -> 2120.6336 | H38: =SUM(H36*Inputs!$C$40/100) -> 2110.0304 | I38: =SUM(I36*Inputs!$C$40/100) -> 2099.4802 | J38: =SUM(J36*Inputs!$C$40/100) -> 2088.9828 | K38: =SUM(K36*Inputs!$C$40/100) -> 2078.5379 | L38: =SUM(L36*Inputs!$C$40/100) -> 2068.1452 | ... AC38: =SUM(AC36*Inputs!$C$40/100) -> 1899.2118
A39: Medium Businesses total income | B39: on-site income + grid income | C39: £ | E39: =SUM(E37:E38) -> 12182.625 | F39: =SUM(F37:F38) -> 12121.712 | G39: =SUM(G37:G38) -> 12061.103 | H39: =SUM(H37:H38) -> 12000.798 | I39: =SUM(I37:I38) -> 11940.794 | J39: =SUM(J37:J38) -> 11881.09 | K39: =SUM(K37:K38) -> 11821.684 | L39: =SUM(L37:L38) -> 11762.576 | ... AC39: =SUM(AC37:AC38) -> 10801.767
A40: Medium Businesses CO2e saving | B40: kWh generated x carbon factor | C40: tCO2e | E40: =SUM(E34*Inputs!$C$41) -> 18.479213 | F40: =SUM(F34*Inputs!$C$41) -> 18.386816 | G40: =SUM(G34*Inputs!$C$41) -> 18.294882 | H40: =SUM(H34*Inputs!$C$41) -> 18.203408 | I40: =SUM(I34*Inputs!$C$41) -> 18.112391 | J40: =SUM(J34*Inputs!$C$41) -> 18.021829 | K40: =SUM(K34*Inputs!$C$41) -> 17.93172 | L40: =SUM(L34*Inputs!$C$41) -> 17.842061 | ... AC40: =SUM(AC34*Inputs!$C$41) -> 16.384659
A41: Medium Businesses electricity counterfactual | B41: kWh on site x electricity price | C41: £ | E41: =SUM(E35*E10) -> 13387.5 | F41: =SUM(F35*F10) -> 13320.562 | G41: =SUM(G35*G10) -> 13253.96 | H41: =SUM(H35*H10) -> 13187.69 | I41: =SUM(I35*I10) -> 13121.751 | J41: =SUM(J35*J10) -> 13056.143 | K41: =SUM(K35*K10) -> 12990.862 | L41: =SUM(L35*L10) -> 12925.908 | ... AC41: =SUM(AC35*AC10) -> 11870.074
A42: Medium Businesses tenant savings | B42: Counterfactual - on-site income | C42: £ | E42: =SUM(E41-E37) -> 3346.875 | F42: =SUM(F41-F37) -> 3330.1406 | G42: =SUM(G41-G37) -> 3313.4899 | H42: =SUM(H41-H37) -> 3296.9225 | I42: =SUM(I41-I37) -> 3280.4379 | J42: =SUM(J41-J37) -> 3264.0357 | K42: =SUM(K41-K37) -> 3247.7155 | L42: =SUM(L41-L37) -> 3231.4769 | ... AC42: =SUM(AC41-AC37) -> 2967.5185
A43: Medium Businesses Solar Panel cost total | B43: Solar panel cost x kWp total | C43: £ | D43: =SUM(D32*Inputs!$C$12) -> 105000
A44: Medium Businesses inverter replacement cost total | B44: solar panel cost total x inverter % value | C44: £ | Q44: =SUM(D32*Inputs!$C$13) -> 3150
A45: Medium Businesses scaffolding cost | B45: scaffolding cost x kWp | C45: £ | D45: =SUM(D32*Inputs!$C$15) -> 0
A46: Medium Businesses structural survey cost | B46: structural survey x number of businesses | C46: £ | D46: =SUM(Inputs!$C$3*Inputs!$C$19) -> 5250
A47: Medium Businesses O&M costs | B47: O&M costs x kWp | C47: £ | E47: =SUM($D$32*Inputs!$C$22) -> 1050 | F47: =SUM($D$32*Inputs!$C$22) -> 1050 | G47: =SUM($D$32*Inputs!$C$22) -> 1050 | H47: =SUM($D$32*Inputs!$C$22) -> 1050 | I47: =SUM($D$32*Inputs!$C$22) -> 1050 | J47: =SUM($D$32*Inputs!$C$22) -> 1050 | K47: =SUM($D$32*Inputs!$C$22) -> 1050 | L47: =SUM($D$32*Inputs!$C$22) -> 1050 | ... AC47: =SUM($D$32*Inputs!$C$22) -> 1050
A48: Medium Businesses decommissioning cost | B48: decommissioning cost x kWp | C48: £ | AC48: =SUM(D32*Inputs!$C$27) -> 31500
A49: Medium Businesses total cost | B49: Solar panel + scaffold + survey + O&M + decomissioning | C49: £ | D49: =SUM(D43:D48) -> 110250 | E49: =SUM(E43:E48) -> 1050 | F49: =SUM(F43:F48) -> 1050 | G49: =SUM(G43:G48) -> 1050 | H49: =SUM(H43:H48) -> 1050 | I49: =SUM(I43:I48) -> 1050 | J49: =SUM(J43:J48) -> 1050 | K49: =SUM(K43:K48) -> 1050 | ... AC49: =SUM(AC43:AC48) -> 32550
A51: Large Businesses kWp Total | B51: Number of businesses x kWp per business | C51: kWp | D51: =SUM(Inputs!$C$4*Inputs!$C$8) -> 300
A52: Large Businesses kWh max | B52: Total kWp x kWh per kWp | C52: kWh | D52: =SUM(D51*Inputs!$C$10) -> 255000
A53: Large Businesses kW/h generated | B53: kWh max x degredation | C53: kWh | E53: =D52 -> 255000 | F53: =SUM(E53*(1-Inputs!$C$11/100)) -> 253725 | G53: =SUM(F53*(1-Inputs!$C$11/100)) -> 252456.38 | H53: =SUM(G53*(1-Inputs!$C$11/100)) -> 251194.09 | I53: =SUM(H53*(1-Inputs!$C$11/100)) -> 249938.12 | J53: =SUM(I53*(1-Inputs!$C$11/100)) -> 248688.43 | K53: =SUM(J53*(1-Inputs!$C$11/100)) -> 247444.99 | L53: =SUM(K53*(1-Inputs!$C$11/100)) -> 246207.76 | M53: =SUM(L53*(1-Inputs!$C$11/100)) -> 244976.73 | ... AC53: =SUM(AB53*(1-Inputs!$C$11/100)) -> 226096.65
A54: Large Businesses kW/h on site | B54: kWh generated x on-site percentage x business occupancy | C54: kWh | E54: =SUM(E53*(Inputs!$C$38/100)*(Inputs!$C$39/100)) -> 153000 | F54: =SUM(F53*(Inputs!$C$38/100)*(Inputs!$C$39/100)) -> 152235 | G54: =SUM(G53*(Inputs!$C$38/100)*(Inputs!$C$39/100)) -> 151473.82 | H54: =SUM(H53*(Inputs!$C$38/100)*(Inputs!$C$39/100)) -> 150716.46 | I54: =SUM(I53*(Inputs!$C$38/100)*(Inputs!$C$39/100)) -> 149962.87 | J54: =SUM(J53*(Inputs!$C$38/100)*(Inputs!$C$39/100)) -> 149213.06 | K54: =SUM(K53*(Inputs!$C$38/100)*(Inputs!$C$39/100)) -> 148466.99 | L54: =SUM(L53*(Inputs!$C$38/100)*(Inputs!$C$39/100)) -> 147724.66 | ... AC54: =SUM(AC53*(Inputs!$C$38/100)*(Inputs!$C$39/100)) -> 135657.99
A55: Large Businesses kW/h to grid | B55: kWh generated - on-site usage | C55: kWh | E55: =SUM(E53-E54) -> 102000 | F55: =SUM(F53-F54) -> 101490 | G55: =SUM(G53-G54) -> 100982.55 | H55: =SUM(H53-H54) -> 100477.64 | I55: =SUM(I53-I54) -> 99975.249 | J55: =SUM(J53-J54) -> 99475.373 | K55: =SUM(K53-K54) -> 98977.996 | L55: =SUM(L53-L54) -> 98483.106 | ... AC55: =SUM(AC53-AC54) -> 90438.658
A56: Large Businesses on-site income | B56: kWh on site x PPA charge | C56: £ | E56: =SUM(E54*E11) -> 28687.5 | F56: =SUM(F54*F11) -> 28544.062 | G56: =SUM(G54*G11) -> 28401.342 | H56: =SUM(H54*H11) -> 28259.335 | I56: =SUM(I54*I11) -> 28118.039 | J56: =SUM(J54*J11) -> 27977.449 | K56: =SUM(K54*K11) -> 27837.561 | L56: =SUM(L54*L11) -> 27698.374 | ... AC56: =SUM(AC54*AC11) -> 25435.873
A57: Large Businesses grid income | B57: kWh to grid x grid price | C57: £ | E57: =SUM(E55*Inputs!$C$40/100) -> 6120 | F57: =SUM(F55*Inputs!$C$40/100) -> 6089.4 | G57: =SUM(G55*Inputs!$C$40/100) -> 6058.953 | H57: =SUM(H55*Inputs!$C$40/100) -> 6028.6582 | I57: =SUM(I55*Inputs!$C$40/100) -> 5998.5149 | J57: =SUM(J55*Inputs!$C$40/100) -> 5968.5224 | K57: =SUM(K55*Inputs!$C$40/100) -> 5938.6798 | L57: =SUM(L55*Inputs!$C$40/100) -> 5908.9864 | ... AC57: =SUM(AC55*Inputs!$C$40/100) -> 5426.3195
A58: Large Businesses total income | B58: on-site income + grid income | C58: £ | E58: =SUM(E56:E57) -> 34807.5 | F58: =SUM(F56:F57) -> 34633.463 | G58: =SUM(G56:G57) -> 34460.295 | H58: =SUM(H56:H57) -> 34287.994 | I58: =SUM(I56:I57) -> 34116.554 | J58: =SUM(J56:J57) -> 33945.971 | K58: =SUM(K56:K57) -> 33776.241 | L58: =SUM(L56:L57) -> 33607.36 | ... AC58: =SUM(AC56:AC57) -> 30862.192
A59: Large Businesses CO2e saving | B59: kWh generated x carbon factor | C59: tCO2e | E59: =SUM(E53*Inputs!$C$41) -> 52.79775 | F59: =SUM(F53*Inputs!$C$41) -> 52.533761 | G59: =SUM(G53*Inputs!$C$41) -> 52.271092 | H59: =SUM(H53*Inputs!$C$41) -> 52.009737 | I59: =SUM(I53*Inputs!$C$41) -> 51.749688 | J59: =SUM(J53*Inputs!$C$41) -> 51.49094 | K59: =SUM(K53*Inputs!$C$41) -> 51.233485 | L59: =SUM(L53*Inputs!$C$41) -> 50.977318 | ... AC59: =SUM(AC53*Inputs!$C$41) -> 46.81331
A60: Large Businesses electricity counterfactual | B60: kWh on site x electricity price | C60: £ | E60: =SUM(E54*E10) -> 38250 | F60: =SUM(F54*F10) -> 38058.75 | G60: =SUM(G54*G10) -> 37868.456 | H60: =SUM(H54*H10) -> 37679.114 | I60: =SUM(I54*I10) -> 37490.718 | J60: =SUM(J54*J10) -> 37303.265 | K60: =SUM(K54*K10) -> 37116.748 | L60: =SUM(L54*L10) -> 36931.165 | ... AC60: =SUM(AC54*AC10) -> 33914.497
A61: Large Businesses tenant savings | B61: Counterfactual - on-site income | C61: £ | E61: =SUM(E60-E56) -> 9562.5 | F61: =SUM(F60-F56) -> 9514.6875 | G61: =SUM(G60-G56) -> 9467.1141 | H61: =SUM(H60-H56) -> 9419.7785 | I61: =SUM(I60-I56) -> 9372.6796 | J61: =SUM(J60-J56) -> 9325.8162 | K61: =SUM(K60-K56) -> 9279.1871 | L61: =SUM(L60-L56) -> 9232.7912 | ... AC61: =SUM(AC60-AC56) -> 8478.6242
A62: Large Businesses Solar Panel cost total | B62: Solar panel cost x kWp total | C62: £ | D62: =SUM(D51*Inputs!$C$12) -> 300000
A63: Large Businesses inverter replacement cost total | B63: solar panel cost total x inverter % value | C63: £ | Q63: =SUM(D51*Inputs!$C$13) -> 9000
A64: Large Businesses scaffolding cost | B64: scaffolding cost x kWp | C64: £ | D64: =SUM(D51*Inputs!$C$16) -> 0
A65: Large Businesses structural survey cost | B65: structural survey x number of businesses | C65: £ | D65: =SUM(Inputs!$C$5*Inputs!$C$20) -> 3000
A66: Large Businesses O&M costs | B66: O&M costs x kWp | C66: £ | E66: =SUM($D$51*Inputs!$C$22) -> 3000 | F66: =SUM($D$51*Inputs!$C$22) -> 3000 | G66: =SUM($D$51*Inputs!$C$22) -> 3000 | H66: =SUM($D$51*Inputs!$C$22) -> 3000 | I66: =SUM($D$51*Inputs!$C$22) -> 3000 | J66: =SUM($D$51*Inputs!$C$22) -> 3000 | K66: =SUM($D$51*Inputs!$C$22) -> 3000 | L66: =SUM($D$51*Inputs!$C$22) -> 3000 | ... AC66: =SUM($D$51*Inputs!$C$22) -> 3000
A67: Large Businesses decommissioning cost | B67: decommissioning cost x kWp | C67: £ | AC67: =SUM(D51*Inputs!$C$27) -> 90000
A68: Large Businesses total cost | B68: Solar panel + scaffold + survey + O&M + decomissioning | C68: £ | D68: =SUM(D62:D67) -> 303000 | E68: =SUM(E62:E67) -> 3000 | F68: =SUM(F62:F67) -> 3000 | G68: =SUM(G62:G67) -> 3000 | H68: =SUM(H62:H67) -> 3000 | I68: =SUM(I62:I67) -> 3000 | J68: =SUM(J62:J67) -> 3000 | K68: =SUM(K62:K67) -> 3000 | ... AC68: =SUM(AC62:AC67) -> 93000
A70: Very Large Businesses kWp Total | B70: Number of businesses x kWp per business | C70: kWp | D70: =SUM(Inputs!$C$9*Inputs!$C$5) -> 200
A71: Very Large Businesses kWh max | B71: Total kWp x kWh per kWp | C71: kWh | D71: =SUM(D70*Inputs!$C$10) -> 170000
A72: Very Large Businesses kW/h generated | B72: kWh max x degredation | C72: kWh | E72: =D71 -> 170000 | F72: =SUM(E72*(1-Inputs!$C$11/100)) -> 169150 | G72: =SUM(F72*(1-Inputs!$C$11/100)) -> 168304.25 | H72: =SUM(G72*(1-Inputs!$C$11/100)) -> 167462.73 | I72: =SUM(H72*(1-Inputs!$C$11/100)) -> 166625.42 | J72: =SUM(I72*(1-Inputs!$C$11/100)) -> 165792.29 | K72: =SUM(J72*(1-Inputs!$C$11/100)) -> 164963.33 | L72: =SUM(K72*(1-Inputs!$C$11/100)) -> 164138.51 | M72: =SUM(L72*(1-Inputs!$C$11/100)) -> 163317.82 | ... AC72: =SUM(AB72*(1-Inputs!$C$11/100)) -> 150731.1
A73: Very Large Businesses kW/h on site | B73: kWh generated x on-site percentage x business occupancy | C73: kWh | E73: =SUM(E72*(Inputs!$C$38/100)*(Inputs!$C$39/100)) -> 102000 | F73: =SUM(F72*(Inputs!$C$38/100)*(Inputs!$C$39/100)) -> 101490 | G73: =SUM(G72*(Inputs!$C$38/100)*(Inputs!$C$39/100)) -> 100982.55 | H73: =SUM(H72*(Inputs!$C$38/100)*(Inputs!$C$39/100)) -> 100477.64 | I73: =SUM(I72*(Inputs!$C$38/100)*(Inputs!$C$39/100)) -> 99975.249 | J73: =SUM(J72*(Inputs!$C$38/100)*(Inputs!$C$39/100)) -> 99475.373 | K73: =SUM(K72*(Inputs!$C$38/100)*(Inputs!$C$39/100)) -> 98977.996 | L73: =SUM(L72*(Inputs!$C$38/100)*(Inputs!$C$39/100)) -> 98483.106 | ... AC73: =SUM(AC72*(Inputs!$C$38/100)*(Inputs!$C$39/100)) -> 90438.658
A74: Very Large Businesses kW/h to grid | B74: kWh generated - on-site usage | C74: kWh | E74: =SUM(E72-E73) -> 68000 | F74: =SUM(F72-F73) -> 67660 | G74: =SUM(G72-G73) -> 67321.7 | H74: =SUM(H72-H73) -> 66985.092 | I74: =SUM(I72-I73) -> 66650.166 | J74: =SUM(J72-J73) -> 66316.915 | K74: =SUM(K72-K73) -> 65985.331 | L74: =SUM(L72-L73) -> 65655.404 | ... AC74: =SUM(AC72-AC73) -> 60292.439
A75: Very Large Businesses on-site income | B75: kWh on site x PPA charge | C75: £ | E75: =SUM(E73*E11) -> 19125 | F75: =SUM(F73*F11) -> 19029.375 | G75: =SUM(G73*G11) -> 18934.228 | H75: =SUM(H73*H11) -> 18839.557 | I75: =SUM(I73*I11) -> 18745.359 | J75: =SUM(J73*J11) -> 18651.632 | K75: =SUM(K73*K11) -> 18558.374 | L75: =SUM(L73*L11) -> 18465.582 | ... AC75: =SUM(AC73*AC11) -> 16957.248
A76: Very Large Businesses grid income | B76: kWh to grid x grid price | C76: £ | E76: =SUM(E74*Inputs!$C$40/100) -> 4080 | F76: =SUM(F74*Inputs!$C$40/100) -> 4059.6 | G76: =SUM(G74*Inputs!$C$40/100) -> 4039.302 | H76: =SUM(H74*Inputs!$C$40/100) -> 4019.1055 | I76: =SUM(I74*Inputs!$C$40/100) -> 3999.01 | J76: =SUM(J74*Inputs!$C$40/100) -> 3979.0149 | K76: =SUM(K74*Inputs!$C$40/100) -> 3959.1198 | L76: =SUM(L74*Inputs!$C$40/100) -> 3939.3242 | ... AC76: =SUM(AC74*Inputs!$C$40/100) -> 3617.5463
A77: Very Large Businesses total income | B77: on-site income + grid income | C77: £ | E77: =SUM(E75:E76) -> 23205 | F77: =SUM(F75:F76) -> 23088.975 | G77: =SUM(G75:G76) -> 22973.53 | H77: =SUM(H75:H76) -> 22858.662 | I77: =SUM(I75:I76) -> 22744.369 | J77: =SUM(J75:J76) -> 22630.647 | K77: =SUM(K75:K76) -> 22517.494 | L77: =SUM(L75:L76) -> 22404.907 | ... AC77: =SUM(AC75:AC76) -> 20574.795
A78: Very Large Businesses CO2e saving | B78: kWh generated x carbon factor | C78: tCO2e | E78: =SUM(E72*Inputs!$C$41) -> 35.1985 | F78: =SUM(F72*Inputs!$C$41) -> 35.022508 | G78: =SUM(G72*Inputs!$C$41) -> 34.847395 | H78: =SUM(H72*Inputs!$C$41) -> 34.673158 | I78: =SUM(I72*Inputs!$C$41) -> 34.499792 | J78: =SUM(J72*Inputs!$C$41) -> 34.327293 | K78: =SUM(K72*Inputs!$C$41) -> 34.155657 | L78: =SUM(L72*Inputs!$C$41) -> 33.984878 | ... AC78: =SUM(AC72*Inputs!$C$41) -> 31.208874
A79: Very Large Businesses electricity counterfactual | B79: kWh on site x electricity price | C79: £ | E79: =SUM(E73*E10) -> 25500 | F79: =SUM(F73*F10) -> 25372.5 | G79: =SUM(G73*G10) -> 25245.638 | H79: =SUM(H73*H10) -> 25119.409 | I79: =SUM(I73*I10) -> 24993.812 | J79: =SUM(J73*J10) -> 24868.843 | K79: =SUM(K73*K10) -> 24744.499 | L79: =SUM(L73*L10) -> 24620.776 | ... AC79: =SUM(AC73*AC10) -> 22609.665
A80: Very Large Businesses tenant savings | B80: Counterfactual - on-site income | C80: £ | E80: =SUM(E79-E75) -> 6375 | F80: =SUM(F79-F75) -> 6343.125 | G80: =SUM(G79-G75) -> 6311.4094 | H80: =SUM(H79-H75) -> 6279.8523 | I80: =SUM(I79-I75) -> 6248.4531 | J80: =SUM(J79-J75) -> 6217.2108 | K80: =SUM(K79-K75) -> 6186.1247 | L80: =SUM(L79-L75) -> 6155.1941 | ... AC80: =SUM(AC79-AC75) -> 5652.4161
A81: Very Large Businesses Solar Panel cost total | B81: Solar panel cost x kWp total | C81: £ | D81: =SUM(D70*Inputs!$C$12) -> 200000
A82: Very Large Businesses inverter replacement cost total | B82: solar panel cost total x inverter % value | C82: £ | Q82: =SUM(D70*Inputs!$C$13) -> 6000
A83: Very Large Businesses scaffolding cost | B83: scaffolding cost x kWp | C83: £ | D83: =SUM(D70*Inputs!$C$17) -> 0
A84: Very Large Businesses structural survey cost | B84: structural survey x number of businesses | C84: £ | D84: =SUM(Inputs!$C$5*Inputs!$C$21) -> 6000
A85: Very Large Businesses O&M costs | B85: O&M costs x kWp | C85: £ | E85: =SUM($D$70*Inputs!$C$22) -> 2000 | F85: =SUM($D$70*Inputs!$C$22) -> 2000 | G85: =SUM($D$70*Inputs!$C$22) -> 2000 | H85: =SUM($D$70*Inputs!$C$22) -> 2000 | I85: =SUM($D$70*Inputs!$C$22) -> 2000 | J85: =SUM($D$70*Inputs!$C$22) -> 2000 | K85: =SUM($D$70*Inputs!$C$22) -> 2000 | L85: =SUM($D$70*Inputs!$C$22) -> 2000 | ... AC85: =SUM($D$70*Inputs!$C$22) -> 2000
A86: Very Large Businesses decommissioning cost | B86: decommissioning cost x kWp | C86: £ | AC86: =SUM(D70*Inputs!$C$27) -> 60000
A87: Very Large Businesses total cost | B87: Solar panel + scaffold + survey + O&M + decomissioning | C87: £ | D87: =SUM(D81:D86) -> 206000 | E87: =SUM(E81:E86) -> 2000 | F87: =SUM(F81:F86) -> 2000 | G87: =SUM(G81:G86) -> 2000 | H87: =SUM(H81:H86) -> 2000 | I87: =SUM(I81:I86) -> 2000 | J87: =SUM(J81:J86) -> 2000 | K87: =SUM(K81:K86) -> 2000 | ... AC87: =SUM(AC81:AC86) -> 62000
A89: Total tenant savings | B89: sum all | C89: £ | E89: =SUM(E80+E61+E42+E23) -> 20718.75 | F89: =SUM(F80+F61+F42+F23) -> 20615.156 | G89: =SUM(G80+G61+G42+G23) -> 20512.08 | H89: =SUM(H80+H61+H42+H23) -> 20409.52 | I89: =SUM(I80+I61+I42+I23) -> 20307.472 | J89: =SUM(J80+J61+J42+J23) -> 20205.935 | K89: =SUM(K80+K61+K42+K23) -> 20104.905 | L89: =SUM(L80+L61+L42+L23) -> 20004.381 | ... AC89: =SUM(AC80+AC61+AC42+AC23) -> 18370.352
A91: Total kWh generated | B91: sum all | C91: kWh | E91: =SUM(E72+E53+E34+E15) -> 552500 | F91: =SUM(F72+F53+F34+F15) -> 549737.5 | G91: =SUM(G72+G53+G34+G15) -> 546988.81 | H91: =SUM(H72+H53+H34+H15) -> 544253.87 | I91: =SUM(I72+I53+I34+I15) -> 541532.6 | J91: =SUM(J72+J53+J34+J15) -> 538824.94 | K91: =SUM(K72+K53+K34+K15) -> 536130.81 | L91: =SUM(L72+L53+L34+L15) -> 533450.16 | ... AC91: =SUM(AC72+AC53+AC34+AC15) -> 489876.06
A92: Total tCO2e savings | B92: sum all | C92: tCO2e | E92: =SUM(E78+E59+E40+E21) -> 114.39513 | F92: =SUM(F78+F59+F40+F21) -> 113.82315 | G92: =SUM(G78+G59+G40+G21) -> 113.25403 | H92: =SUM(H78+H59+H40+H21) -> 112.68776 | I92: =SUM(I78+I59+I40+I21) -> 112.12432 | J92: =SUM(J78+J59+J40+J21) -> 111.5637 | K92: =SUM(K78+K59+K40+K21) -> 111.00588 | L92: =SUM(L78+L59+L40+L21) -> 110.45086 | ... AC92: =SUM(AC78+AC59+AC40+AC21) -> 101.42884
A94: Total PPA income | B94: sum all | C94: £ | E94: =SUM(E75+E56+E37+E18) -> 62156.25 | F94: =SUM(F75+F56+F37+F18) -> 61845.469 | G94: =SUM(G75+G56+G37+G18) -> 61536.241 | H94: =SUM(H75+H56+H37+H18) -> 61228.56 | I94: =SUM(I75+I56+I37+I18) -> 60922.417 | J94: =SUM(J75+J56+J37+J18) -> 60617.805 | K94: =SUM(K75+K56+K37+K18) -> 60314.716 | L94: =SUM(L75+L56+L37+L18) -> 60013.143 | ... AC94: =SUM(AC75+AC56+AC37+AC18) -> 55111.057
A95: Total Grid Income | B95: sum all | C95: £ | E95: =SUM(E76+E57+E38+E19) -> 13260 | F95: =SUM(F76+F57+F38+F19) -> 13193.7 | G95: =SUM(G76+G57+G38+G19) -> 13127.732 | H95: =SUM(H76+H57+H38+H19) -> 13062.093 | I95: =SUM(I76+I57+I38+I19) -> 12996.782 | J95: =SUM(J76+J57+J38+J19) -> 12931.798 | K95: =SUM(K76+K57+K38+K19) -> 12867.139 | L95: =SUM(L76+L57+L38+L19) -> 12802.804 | ... AC95: =SUM(AC76+AC57+AC38+AC19) -> 11757.026
A96: GRAND TOTAL income | B96: sum all | C96: £ | E96: =SUM(E94:E95) -> 75416.25 | F96: =SUM(F94:F95) -> 75039.169 | G96: =SUM(G94:G95) -> 74663.973 | H96: =SUM(H94:H95) -> 74290.653 | I96: =SUM(I94:I95) -> 73919.2 | J96: =SUM(J94:J95) -> 73549.604 | K96: =SUM(K94:K95) -> 73181.856 | L96: =SUM(L94:L95) -> 72815.946 | ... AC96: =SUM(AC94:AC95) -> 66868.083
A98: Total Management costs | B98: sum all | C98: £ | D98: =SUM(D3:D8) -> 6600 | E98: =SUM(E3:E8) -> 1320 | F98: =SUM(F3:F8) -> 1320 | G98: =SUM(G3:G8) -> 1320 | H98: =SUM(H3:H8) -> 1320 | I98: =SUM(I3:I8) -> 1320 | J98: =SUM(J3:J8) -> 1320 | K98: =SUM(K3:K8) -> 1320 | ... AC98: =SUM(AC3:AC8) -> 1320
A99: Total System costs | B99: sum all | C99: £ | D99: =SUM(D87+D68+D49+D30) -> 667250 | E99: =SUM(E87+E68+E49+E30) -> 6500 | F99: =SUM(F87+F68+F49+F30) -> 6500 | G99: =SUM(G87+G68+G49+G30) -> 6500 | H99: =SUM(H87+H68+H49+H30) -> 6500 | I99: =SUM(I87+I68+I49+I30) -> 6500 | J99: =SUM(J87+J68+J49+J30) -> 6500 | K99: =SUM(K87+K68+K49+K30) -> 6500 | ... AC99: =SUM(AC87+AC68+AC49+AC30) -> 201500
A100: GRAND TOTAL costs | B100: sum all | C100: £ | D100: =SUM(D98:D99) -> 673850 | E100: =SUM(E98:E99) -> 7820 | F100: =SUM(F98:F99) -> 7820 | G100: =SUM(G98:G99) -> 7820 | H100: =SUM(H98:H99) -> 7820 | I100: =SUM(I98:I99) -> 7820 | J100: =SUM(J98:J99) -> 7820 | K100: =SUM(K98:K99) -> 7820 | ... AC100: =SUM(AC98:AC99) -> 202820
A102: Annual Cashflow | B102: income - costs | C102: £ | D102: =SUM(D96-D100) -> -673850 | E102: =SUM(E96-E100) -> 67596.25 | F102: =SUM(F96-F100) -> 67219.169 | G102: =SUM(G96-G100) -> 66843.973 | H102: =SUM(H96-H100) -> 66470.653 | I102: =SUM(I96-I100) -> 66099.2 | J102: =SUM(J96-J100) -> 65729.604 | K102: =SUM(K96-K100) -> 65361.856 | ... AC102: =SUM(AC96-AC100) -> -135951.92
A103: Accrued Cashflow | B103: Net Spend cumulative | C103: £ | D103: =D102 -> -673850 | E103: =SUM(D103+E102) -> -606253.75 | F103: =SUM(E103+F102) -> -539034.58 | G103: =SUM(F103+G102) -> -472190.61 | H103: =SUM(G103+H102) -> -405719.96 | I103: =SUM(H103+I102) -> -339620.76 | J103: =SUM(I103+J102) -> -273891.15 | K103: =SUM(J103+K102) -> -208529.3 | L103: =SUM(K103+L102) -> -143533.35 | ... AC103: =SUM(AB103+AC102) -> 692651.52
A104: Payback Fraction | B104: Fraction Row | D104: =IF(D103<0,"-",ABS(C103/C102)) -> - | E104: =IF(E103<0,"-",ABS(D103/D102)) -> - | F104: =IF(F103<0,"-",ABS(E103/E102)) -> - | G104: =IF(G103<0,"-",ABS(F103/F102)) -> - | H104: =IF(H103<0,"-",ABS(G103/G102)) -> - | I104: =IF(I103<0,"-",ABS(H103/H102)) -> - | J104: =IF(J103<0,"-",ABS(I103/I102)) -> - | K104: =IF(K103<0,"-",ABS(J103/J102)) -> - | ... AC104: =IF(AC103<0,"-",ABS(AB103/AB102)) -> 13.953287

Sheet Outputs
A2: Installed capacity | B2: kWp | C2: =SUM(Calculations!D13+Calculations!D32+Calculations!D51+Calculations!D70) -> 650
A3: Year 1 generation | B3: kWh | C3: =SUM(Calculations!E15+Calculations!E34+Calculations!E53+Calculations!E72) -> 552500
A4: Total generation | B4: kWh | C4: =SUM(Calculations!E91:AC91) -> 13014663
A5: Year 1 carbon saving | B5: tCO2e | C5: =SUM(Calculations!E21+Calculations!E40+Calculations!E59+Calculations!E78) -> 114.39513
A6: Total carbon saving | B6: tCO2e | C6: =SUM(Calculations!E92:AC92) -> 2694.686
A7: Year 1 tenant saving | B7: £ | C7: =SUM(Calculations!E23+Calculations!E42+Calculations!E61+Calculations!E80) -> 20718.75
A8: Total tenant saving | B8: £ | C8: =SUM(Calculations!E89:AC89) -> 488049.87
A9: Year 0 cost | B9: £ | C9: =SUM(Calculations!D98+Calculations!D99) -> 673850
A10: Year 1 return | B10: £ | C10: =Calculations!E96 -> 75416.25
A11: 25 year IRR | B11: % | C11: =IRR(Calculations!D102:AC102) -> 0.076084188
A12: 25 year net profit | B12: £ | C12: =SUM(Calculations!D102:AC102) -> 692651.52
A13: Net present value | B13: £ | C13: =NPV(Inputs!C42,Calculations!D102:AC102) -> 274251.15
A14: Payback year | C14: {=SUM((COUNTIF(Calculations!D103:AC103,"<"&0)+INDEX(Calculations!D104:AC104,,COUNTIF(Calculations!D103:AC103,"<"&0)+1))-1)} -> 10.227664
